 Dungeon Crawl Stone Soup version 0.30.0-17-ge0270778cf (webtiles) character file.

Game seed: 3442200717283317973

57 hawla the Firebug (level 4, -5/29 HPs)
             Began as a Meteoran Fire Elementalist on May 22, 2023.
             Splashed by a jelly's acid (7 damage)
             ... on level 4 of the Dungeon.
             The game lasted 00:02:59 (584 turns).

hawla the Firebug (Meteoran Fire Elementalist)       Turns: 584, Time: 00:03:00

Health: -5/29      AC: -6    Str: 10    XL:     4   Next: 41%
Magic:  3/10       EV: 12    Int: 18    God:
Gold:   111        SH:  0    Dex: 14    Spells: 7/10 levels left

rFire   . . .        (no weapon)
rCold   . . .        (no shield)
rNeg    . . .        a - +0 robe
rPois   .            (no helmet)
rElec   .            (no cloak)
rCorr   .            (no gloves)
SInv    .            (no boots)
Will    .....        (no amulet)
Stlth   +            (no ring)
HPRegen 0.24/turn    (no ring)
MPRegen 0.12/turn

%: no passive effects
@: corroded, glowing
A: sense surroundings 1, otherworldly, glowing, explore regen, frail 1
a: no special abilities


You were on level 4 of the Dungeon.
You visited 1 branch of the dungeon, and saw 4 of its levels.

You collected 111 gold pieces.

Inventory:

Armour
 a - a +0 robe (worn)
Scrolls
 g - a scroll of butterflies {unknown}
 h - a scroll of identify
 i - a scroll of silence {unknown}
 k - a scroll of enchant armour {unknown}
Potions
 b - a potion of magic
 c - 2 potions of attraction {unknown}
 d - a potion of lignification
 e - 2 potions of heal wounds {unknown}
 f - 2 potions of curing
 j - a potion of cancellation {unknown}


   Skills:
 + Level 2.6 Dodging
 - Level 1.4 Stealth
 + Level 3.6 Spellcasting
 + Level 2.0 Conjurations
 + Level 4.7 Fire Magic


You had 7 spell levels left.
You knew the following spells:

 Your Spells              Type           Power      Damage    Failure   Level
a - Foxfire               Conj/Fire      60%        2x1d7     3%          1
b - Scorch                Fire           40%        2d7       3%          2

Your spell library contained the following spells:

 Spells                   Type           Power      Damage    Failure   Level
 Inner Flame              Hex/Fire       11%        N/A       17%         3
 Volatile Blastmotes      Fire/Tloc      22%        2d11      17%         3
 Flame Wave               Conj/Fire      15%        2d7       36%         4


Dungeon Overview and Level Annotations

Branches:
Dungeon (4/15) Zot: 1815
 Temple: D:4-7

Altars:


Innate Abilities, Weirdness & Mutations

You passively map a small area around you.
You are easily found by Zot.
You glow in the dark.
You regain HP and MP as you explore.
You are frail. (-10% HP)


Message History

Confirm with . or Enter, or press ? or * to list all spells.
Flames lash the iguana.
The iguana is almost dead.
The iguana's fire resistance burns away.
Unknown command.
Casting: Scorch (safe; 3% risk of failure)
Confirm with . or Enter, or press ? or * to list all spells.
Flames lash the iguana.
The iguana is burned terribly!
You kill the iguana!
Your Conjurations skill increases to level 2!
You have reached level 4!
k - a scroll labelled SOLOIK UTWOFUM A ball python comes into view.
The ball python hisses angrily.
A jelly comes into view.
The jelly quivers.
The jelly hits you. The acid corrodes you!
You are splashed with acid!
You hit the jelly but do no damage.
Your hands burn!
Casting: Scorch (safe; 3% risk of failure)
Confirm with . or Enter, or press ? or * to list all spells.
You conjure some foxfire!
The ball python bites you. The ball python barely misses you.
The jelly hits you. The acid corrodes you!
You are splashed with acid!
* * * LOW HITPOINT WARNING * * *
Casting: Foxfire (safe; 3% risk of failure)
Confirm with . or Enter, or press ? or * to list all spells.
Flames lash the ball python.
You kill the ball python!
You hear a shout!
The foxfire hits the jelly.
The jelly is moderately wounded.
The jelly barely misses you.
Casting: Scorch (safe; 3% risk of failure)
Confirm with . or Enter, or press ? or * to list all spells.
Flames lash the jelly.
The jelly is almost dead.
The jelly's fire resistance burns away.
The jelly hits you.
* * * LOW HITPOINT WARNING * * *
You are splashed with acid!
You die...

.# #..........# * .#
#............. .#
#............# * * .#
#............# , * .#
#............# , , .# * ,
,..# * , * ## * * ..# * .
,
#################J.#....*
...............v@†......*
#######...#######§.#####
* # #†..# * ....., #
#...# * ..#### * # #...#
... * , #...# * .##. *
#...# .# .# #...# .# # *
#...# ,


You could see a jelly (combustible, ally target).

Vanquished Creatures
  An iguana (D:4)
  An adder (D:4)
  An orc (D:2)
  2 ball pythons
  2 bats
  An endoplasm (D:3)
  2 giant cockroaches (D:1)
  A goblin (D:1)
  2 hobgoblins
  A quokka (D:3)
  A frilled lizard (D:3)
  2 kobolds (D:1)
  3 rats
20 creatures vanquished.

Vanquished Creatures (others)
  52 foxfires
52 creatures vanquished.

Grand Total: 72 creatures vanquished

Notes
Turn   | Place    | Note
-------+----------+-------------------------------------------
     0 | D:1      | hawla the Meteoran Fire Elementalist began the quest for
                  | the Orb.
     0 | D:1      | Reached XP level 1. HP: 14/14 MP: 5/5
   126 | D:1      | Reached skill level 4 in Fire Magic
   126 | D:1      | Reached XP level 2. HP: 20/20 MP: 3/6
   129 | D:1      | Learned a level 2 spell: Scorch
   276 | D:1      | Found a faded altar of an unknown god.
   341 | D:2      | Gained mutation: You are frail. (-10% HP) [potion of
                  | mutation]
   388 | D:3      | Reached XP level 3. HP: 23/23 MP: 6/8
   570 | D:4      | Reached XP level 4. HP: 29/29 MP: 3/10
   584 | D:4      | Splashed by a jelly's acid

Illustrated notes

Levels and vault maps discovered:
D:1:      dpeg_arrival_solitude, layout_loops_ring,
          hellmonk_ecumenical_altar_run_dry
D:2:      minmay_recursive_quarters, layout_rooms, minmay_rat_hole
D:3:      layout_loops_ring, dk_xom_monty_hall, serial_forest,
          infiniplex_forest_lined_2, infiniplex_forest_end_3,
          infiniplex_forest_end_1, infiniplex_forest_clump_small,
          infiniplex_forest_lined_2, kennysheep_jessica_study,
          uniq_crazy_yiuf_cottage
D:4:      layout_basic, minmay_temple_entry_offerings

Skill      XL: |  1  2  3 |
---------------+----------+-----
Fire Magic     | 4 |  4.7
Spellcasting   | 3 |  3.6
Conjurations   | 2 |  2.0
Dodging        | |  2.6
Stealth        | |  1.4

Action                     |  1- 3 |  4- 6 || total
---------------------------+-------+-------++-------
  Melee: Unarmed           |     5 |     1 ||     6
   Cast: Foxfire           |    34 |     1 ||    35
         Scorch            |     4 |     2 ||     6
    Use: Scroll            |     6 |       ||     6
         Potion            |     1 |       ||     1
 Armour: Robe              |     1 |       ||     1
  Dodge: Dodged            |     9 |     2 ||    11
